 Dungeon Crawl Stone Soup version 0.25-a0-458-g6fc7858b95 (webtiles) character file.

Game seed: 11529828697170695178, levelgen mode: deterministic

7245 Epan the Geomancer (level 11, 0/62 HPs)
             Began as a Gargoyle Earth Elementalist on Jan 28, 2020.
             Was an Elder of Vehumet.
             Slain by a two-headed ogre
             ... wielding a +0 giant club
              (11 damage)
             ... on level 10 of the Dungeon on Feb 2, 2020.
             The game lasted 00:22:29 (10503 turns).

Epan the Geomancer (Gargoyle Earth Elementalist)   Turns: 10503, Time: 00:22:31

Health: 0/62       AC: 12    Str: 12    XL:     11   Next: 12%
Magic:  15/22      EV: 13    Int: 17    God:    Vehumet [****..]
Gold:   399        SH:  0    Dex: 12    Spells: 11/25 levels left

rFire    + + .     SeeInvis .   r - +2 dagger (elec)
rCold    + . .     Gourm    .   (no shield)
rNeg     + . .     Faith    .   A - +0 robe {rC+}
rPois    ∞         Spirit   .   y - +1 hat
rElec    +         Reflect  .   (no cloak)
rCorr    .         Harm     .   (no gloves)
MR       .....                  C - +0 pair of boots
Stlth    ++........             u - amulet of rage
HPRegen  0.20/turn              h - ring of protection from fire
MPRegen  0.18/turn              o - ring of protection from fire

@: no status effects
A: agile 1, dopey 1, negative energy resistance 1, electricity resistance,
unbreathing, petrification resistance, rot immunity, AC +8
a: Renounce Religion, Evoke Berserk Rage


You were on level 10 of the Dungeon.
You worshipped Vehumet.
Vehumet was greatly pleased with you.
You were not hungry.

You visited 1 branch of the dungeon, and saw 10 of its levels.

You collected 399 gold pieces.

Inventory:

Hand Weapons
 c - a +4 dagger of holy wrath
 r - a +2 dagger of electrocution (weapon)
 t - a +0 flail
Missiles
 b - 32 stones (quivered)
Armour
 y - a +1 hat (worn)
 A - a +0 robe of cold resistance (worn)
 C - a +0 pair of boots (worn)
Jewellery
 h - a ring of protection from fire (left hand)
 l - an uncursed ring of fire
 o - a ring of protection from fire (right hand)
 u - an amulet of rage (around neck)
Wands
 x - a wand of digging (4)
 B - a wand of iceblast (8)
 D - a wand of flame (15)
Scrolls
 g - 5 scrolls of remove curse
 m - 7 scrolls of teleportation
 v - 2 scrolls of fear
Potions
 a - 3 potions of haste
 e - a potion of ambrosia
 f - a potion of berserk rage
 i - 2 potions of lignification
 k - 2 potions of brilliance
 n - 2 potions of agility
 p - a potion of cancellation
 q - 4 potions of might
 s - 2 potions of resistance
 w - a potion of flight
 z - a potion of magic
 E - a potion of curing
Miscellaneous
 F - a sack of spiders
Comestibles
 d - 13 rations
 j - 5 chunks of flesh


   Skills:
 + Level 4.4 Fighting
 + Level 4.1 Maces & Flails
 + Level 4.3 Armour
 + Level 3.8 Dodging
 - Level 2.1 Stealth
 + Level 7.6 Spellcasting
 + Level 7.7 Conjurations
   Level 0.7 Transmutations
 * Level 3.5 Fire Magic
 + Level 10.1 Earth Magic
 + Level 3.5 Evocations


You had 11 spell levels left.
You knew the following spells:

 Your Spells              Type           Power        Failure   Level  Hunger
a - Sandblast             Erth           #####.       1%          1    None
b - Stone Arrow           Conj/Erth      #####.       1%          3    ##.....
c - Lee's Rapid Deconstr  Erth           #####.....   1%          5    #####..
d - Fireball              Conj/Fire      ####......   9%          5    #####..

Your spell library contained the following spells:

 Spells                   Type           Power        Failure   Level  Hunger
 Iskenderun's Battlesphe  Conj/Chrm      ###.....     16%         5    #####..
 Foxfire                  Conj/Fire      ####         1%          1    None
 Passwall                 Tmut/Erth      ###.....     1%          2    None
 Conjure Flame            Conj/Fire      ####....     1%          3    ##.....
 Sticky Flame             Conj/Fire      ####....     3%          4    ####...
 Inner Flame              Hex/Fire       ##......     4%          3    ##.....
 Animate Skeleton         Necr           N/A          11%         1    None
 Apportation              Tloc           #.....       11%         1    None
 Corona                   Hex            #......      11%         1    None
 Summon Small Mammal      Summ           #...         11%         1    None
 Petrify                  Tmut/Erth      ###.....     12%         4    ####...


Dungeon Overview and Level Annotations

Branches:
Dungeon (10/15)            Temple (0/1) D:5            Lair (0/6) D:10
    Orc: D:9-12

Altars:
Cheibriados
Dithmenos
Fedhas
Gozag
Hepliaklqana
Nemelex Xobeh
Okawaru
Ru
Trog
Uskayaw
Vehumet
Wu Jian
Yredelemnul


Innate Abilities, Weirdness & Mutations

You are resistant to torment.
Your stone body is resilient. (AC +8)
You are immune to poison.
You resist negative energy. (rN+)
You are resistant to electric shocks. (rElec)
You can survive without breathing.
You are immune to petrification.
You are immune to rotting.
You are agile. (Dex +2)
You are dopey. (Int -2)


Message History

Confirm with . or Enter, or press ? or * to list all spells.
Aiming: Sandblast (safe; 1% risk of failure)
Press: ? - help, Shift-Dir - straight line, f/p - two-headed ogre
Aim: a two-headed ogre, wielding two +0 giant clubs (heavily wounded)
The blast of sand hits the two-headed ogre!
The two-headed ogre is severely wounded.
b - 33 stones The two-headed ogre misses you.
The two-headed ogre closely misses you.
Casting: Sandblast (safe; 1% risk of failure)
Confirm with . or Enter, or press ? or * to list all spells.
Aiming: Sandblast (safe; 1% risk of failure)
Press: ? - help, Shift-Dir - straight line, f/p - two-headed ogre
Aim: a two-headed ogre, wielding two +0 giant clubs (severely wounded)
The blast of sand hits the two-headed ogre!
The two-headed ogre is almost dead.
b - 32 stones The two-headed ogre hits you with a +0 giant club!
* * * LOW HITPOINT WARNING * * *
The two-headed ogre hits you with a +0 giant club!
You die...
P............P.
PY......

............... .#......
#......P.P.. #######
#..÷....# #÷)###### ##)# #)#
#(# ####@## #########...O.#
##
#.....†.(.....##############.
#.##########..'..............
#.#......+....###.##########.
#.#.........#####.# ##
#.#...............# .
#.#......########## ## ..
#.#......##.......# #.


You could see a two-headed ogre.

Vanquished Creatures
  An unseen horror (D:10)
  A cyclops (D:10)
  A hippogriff (D:8)
  Sigmund (D:7)
  A wyvern (D:8)
  A yak (D:10)
  A hungry ghost (D:8)
  A basilisk (D:10)
  A water moccasin (D:8)
  4 porcupines (D:10)
  A black bear (D:10)
  2 ice beasts (D:10)
  2 orc warriors
  A sky beast (D:5)
  7 ogres
  A phantom (D:9)
  A centaur (D:10)
  A crocodile (D:10)
  10 bullfrogs
  A wyvern zombie (D:10)
  3 scorpions
  A water moccasin skeleton (D:5)
  12 killer bees
  3 wights (D:10)
  5 howler monkeys
  5 crimson imps
  2 centaur zombies
  2 quasits
  A gnoll shaman (D:9)
  2 centaur skeletons
  5 hounds
  3 orc priests (D:8)
  7 orc wizards
  4 bullfrog skeletons
  3 iguanas
  5 worker ants
  A hound zombie (D:6)
  A hound skeleton (D:8)
  A howler monkey skeleton (D:9)
  12 gnolls
  10 adders
  2 shadow imps
  An ooze (D:2)
  An adder skeleton (D:9)
  3 worms
  2 dart slugs
  11 leopard geckos
  26 orcs
  6 bats
  9 giant cockroaches
  9 goblins
  3 hobgoblins
  4 jackals (D:6)
  4 quokkas
  2 ball pythons
  9 frilled lizards
  7 kobolds
  A leopard gecko skeleton (D:4)
  8 rats
  A fungus (D:10)
237 creatures vanquished.

Vanquished Creatures (others)
  An orc wizard (D:6)
  38 fungi (D:10)
  43 plants (D:10)
82 creatures vanquished.

Grand Total: 319 creatures vanquished

Notes
Turn   | Place    | Note
-------+----------+-------------------------------------------
     0 | D:1      | Epan the Gargoyle Earth Elementalist began the quest for
                  | the Orb.
     0 | D:1      | Reached XP level 1. HP: 10/10 MP: 3/3
   512 | D:1      | Reached XP level 2. HP: 15/15 MP: 5/5
   526 | D:1      | Reached skill level 4 in Earth Magic
   914 | D:1      | Reached XP level 3. HP: 8/19 MP: 0/7
  1256 | D:2      | Reached XP level 4. HP: 15/24 MP: 4/8
  1530 | D:1      | Reached skill level 5 in Earth Magic
  1880 | D:2      | Reached XP level 5. HP: 21/28 MP: 10/10
  2152 | D:2      | Learned a level 3 spell: Stone Arrow
  2158 | D:2      | Learned a level 5 spell: Lee's Rapid Deconstruction
  2615 | D:3      | Found a sacrificial altar of Ru.
  2751 | D:3      | Found a radiant altar of Vehumet.
  2761 | D:3      | Became a worshipper of Vehumet
  3205 | D:3      | Reached skill level 1 in Conjurations
  3372 | D:4      | Reached XP level 6. HP: 28/32 MP: 10/12
  3488 | D:4      | Reached skill level 6 in Earth Magic
  3669 | D:4      | Found an opulent altar of Gozag.
  4010 | D:4      | Reached XP level 7. HP: 30/36 MP: 10/13
  4334 | D:4      | Found an iron altar of Okawaru.
  4335 | D:4      | Found a bloodstained altar of Trog.
  4562 | D:4      | Reached * piety under Vehumet
  4562 | D:4      | Offered knowledge of Foxfire by Vehumet.
  4871 | D:5      | Entered Level 5 of the Dungeon
  4877 | D:5      | Reached skill level 7 in Earth Magic
  5210 | D:5      | Reached skill level 5 in Spellcasting
  5270 | D:5      | Found a staircase to the Ecumenical Temple.
  5283 | D:5      | Reached XP level 8. HP: 38/41 MP: 14/16
  5576 | D:5      | Found a sparkling altar of Nemelex Xobeh.
  5583 | D:5      | Found a snail-covered altar of Cheibriados.
  5585 | D:5      | Found an ornate altar of the Wu Jian Council.
  5783 | D:6      | Reached skill level 5 in Conjurations
  5797 | D:6      | Reached skill level 8 in Earth Magic
  5841 | D:6      | Offered knowledge of Shock by Vehumet.
  6233 | D:6      | Reached ** piety under Vehumet
  6284 | D:6      | Found a blossoming altar of Fedhas.
  6469 | D:6      | Found a basalt altar of Yredelemnul.
  7130 | D:7      | Reached XP level 9. HP: 46/46 MP: 15/18
  7413 | D:7      | Found a shadowy altar of Dithmenos.
  7551 | D:7      | Reached skill level 1 in Fighting
  7551 | D:7      | Reached skill level 1 in Maces & Flails
  7551 | D:7      | Reached skill level 1 in Armour
  7551 | D:7      | Reached skill level 9 in Earth Magic
  7689 | D:7      | Noticed Sigmund
  7695 | D:7      | Killed Sigmund
  7695 | D:7      | Reached skill level 1 in Evocations
  7886 | D:8      | Found a hide-covered altar of Uskayaw.
  7886 | D:8      | Noticed a +0 hand axe
  7888 | D:8      | Noticed a +0 hand axe
  8494 | D:8      | Offered knowledge of Dazzling Flash by Vehumet.
  8525 | D:8      | Reached XP level 10. HP: 40/55 MP: 20/20
  8741 | D:8      | Reached *** piety under Vehumet
  9055 | D:8      | Gained mutation: You are dopey. (Int -2) [potion of
                  | mutation]
  9055 | D:8      | Gained mutation: You are agile. (Dex +2) [potion of
                  | mutation]
  9297 | D:9      | Found a hazy altar of Hepliaklqana.
  9485 | D:9      | Offered knowledge of Mephitic Cloud by Vehumet.
  9555 | D:9      | Learned a level 5 spell: Fireball
  9761 | D:10     | Entered Level 10 of the Dungeon
  9761 | D:10     | Noticed a two-headed ogre
  9862 | D:10     | Upgraded the game from 0.25-a0-435-g4b9beb1024 to
                  | 0.25-a0-458-g6fc7858b95
  9889 | D:10     | Reached skill level 1 in Fire Magic
  9953 | D:10     | Found a shadowy altar of Dithmenos.
 10083 | D:10     | Killed an unseen horror
 10209 | D:10     | Noticed a cyclops
 10217 | D:10     | Reached **** piety under Vehumet
 10218 | D:10     | Killed a cyclops
 10218 | D:10     | Reached skill level 10 in Earth Magic
 10377 | D:10     | Reached XP level 11. HP: 35/61 MP: 22/22
 10378 | D:10     | Offered knowledge of Iskenderun's Battlesphere by Vehumet.
 10391 | D:10     | Found a staircase to the Lair.
 10503 | D:10     | Slain by a two-headed ogre

Levels and vault maps discovered:
D:1:      ncdulo_watergridlock, layout_rooms
D:2:      layout_rooms, corexii_item_surrounded_by_moat
D:3:      layout_basic, hangedman_ru_absence, nicolae_overflow_crystal_walls,
          hex_medium
D:4:      layout_rooms, grunt_temple_overflow_bloody_war,
          grunt_gozag_breadcrumbs, serial_co_window_serial, co_window_paths_a,
          co_window_corner_a, co_window_corner_a, co_window_cross_1,
          co_window_corner_a, co_window_broadway_c, co_window_corner_b,
          co_window_paths_c, co_window_corner_cb, co_window_corner_cb,
          co_window_2corner, co_window_of_opportunity_b, co_window_paths_e
D:5:      layout_loops_cross, grunt_temple_overflow_open,
          minmay_temple_entry_mist, first_ration
D:6:      layout_layer_cave, overflow_temple_1_default,
          yredelemnul_altar_generic
D:7:      layout_gridville, lemuel_doored_altar, sigmund_army
D:8:      layout_gridville, dancing_weapons_uskayaw, minmay_misc_feat_enclosed,
          minmay_manual_mess
D:9:      layout_basic, old_standard_altar
D:10:     layout_roguey, due_lair_maze_entry_diamond, basic_altar,
          serial_co_window_serial, co_window_corner_a, co_window_paths_a,
          co_window_of_opportunity_a, co_window_paths_a, co_window_paths_a,
          co_window_broadway_c, co_window_corner_cb, co_window_2corner,
          co_window_of_opportunity_b, co_window_4corner_b, glass_columns_b,
          glass_columns_c, glass_columns_a, glass_columns_b, glass_columns_a,
          blue_anna_alchemist [blue_anna_fruit_fields, blue_anna_fruit_fields],
          minmay_lizard_king

Skill      XL: |  1  2  3  4  5  6  7  8  9 10 11 |
---------------+----------------------------------+-----
Earth Magic    | 4 5 6 7 8 9 10 | 10.1
Spellcasting   | 3 4 5 6 7 |  7.6
Conjurations   | 1 3 4 6 7 |  7.7
Fighting       | 2 4 |  4.4
Maces & Flails | 2 3 4 |  4.1
Armour         | 2 4 |  4.3
Dodging        | 2 3 |  3.8
Evocations     | 2 3 |  3.5
Fire Magic     | 3 |  3.5
Stealth        | |  2.1
Transmutations | |  0.7

Action                   |  1- 3 |  4- 6 |  7- 9 | 10-12 || total
-------------------------+-------+-------+-------+-------++-------
Melee: Short sword       |    37 |       |       |       ||    37
       Club              |     5 |       |       |       ||     5
       Dagger            |    44 |   173 |   224 |    71 ||   512
 Cast: Sandblast         |    14 |    32 |    87 |    89 ||   222
       Stone Arrow       |       |       |     5 |     1 ||     6
       Lee's Rapid Decon |       |       |       |    14 ||    14
  Use: Scroll            |     4 |     6 |     6 |     7 ||    23
       Potion            |       |     1 |     1 |     2 ||     4
 Stab: Sleeping          |       |     2 |     6 |     1 ||     9
  Eat: Chunk             |     1 |     8 |    15 |    10 ||    34
Armor: Robe              |    45 |    64 |    85 |    47 ||   241
Dodge: Dodged            |    81 |   144 |   185 |    82 ||   492

Table legend:
 A = Non-vault XP
 B = Vault XP
 C = Vault XP percentage of total XP
 D = Non-vault monster count
 E = Vault monster count
 F = Vault count percentage of total count
                 A         B        C        D         E       F
            +---------+---------+-------+---------+---------+-------
      Total |    8568 |    1783 |  17.2 |     220 |      17 |   7.2
            +---------+---------+-------+---------+---------+-------
        D:1 |      68 |       0 |   0.0 |      18 |       0 |   0.0
        D:2 |     125 |       0 |   0.0 |      26 |       0 |   0.0
        D:3 |      58 |       0 |   0.0 |      24 |       0 |   0.0
        D:4 |     550 |       3 |   0.5 |      23 |       1 |   4.2
        D:5 |     745 |       0 |   0.0 |      17 |       0 |   0.0
        D:6 |     711 |       0 |   0.0 |      23 |       0 |   0.0
        D:7 |     670 |     242 |  26.5 |      13 |       2 |  13.3
        D:8 |    1940 |     152 |   7.3 |      38 |       3 |   7.3
        D:9 |     705 |       0 |   0.0 |      18 |       0 |   0.0
       D:10 |    2996 |    1386 |  31.6 |      20 |      11 |  35.5
            +---------+---------+-------+---------+---------+-------
